Map: Orbital Shipyard

Players

Raith

  • Race: Terran Terran
  • League: Platinum

TTOne

  • Race: Terran Terran

Trion

  • Race: Protoss Protoss
  • League: Diamond

KiWiKaKi

  • Race: Protoss Protoss

VOD

Have the link to the VOD?

Description

Time

  • Played on: Nov. 27, 2015, 2:52 p.m.
  • Length: 10:49
Show
View Real Time Build Order
Export as new Build Order

Raith Terran 

Build Orders: Reaper Expand, MMM Bio 

Get SALT Encoding   

  12  0:01  SCV  
  13  0:13  SCV  
  14  0:25  SCV  
  15  0:28  Supply Depot  
  15  0:35  Refinery  
  15  0:50  SCV  
  15  0:54  Barracks  
  16  1:02  SCV  
  17  1:14  SCV  
  18  1:26  SCV  
  19  1:41  Reaper, Orbital Command  
  20  1:50  Command Center  
  20  2:02  Supply Depot  
  20  2:08  SCV  
  20  2:13  Reaper  
  22  2:17  Factory  
  22  2:22  SCV  
  23  2:31  Barracks  
  23  2:34  SCV  
  24  2:46  SCV  
  24  2:50  Barracks Reactor, Refinery  
  25  2:58  SCV  
  25  3:04  Orbital Command  
  26  3:07  Factory Reactor  
  26  3:10  SCV  
  27  3:19  Marine  
  28  3:23  SCV  
  29  3:27  Starport  
  29  3:29  Marine x2  
  29  3:31  SCV  
  32  3:35  SCV  
  32  3:37  Marine  
  34  3:43  SCV  
  34  3:46  Marine  
  34  3:47  SCV, Marine  
  38  3:54  Marine  
  39  3:55  SCV  
  39  3:58  Factory Tech Lab  
  39  3:59  SCV, Supply Depot  
  39  4:02  Supply Depot  
  41  4:04  Marine  
  41  4:06  Marine  
  41  4:07  SCV  
  44  4:11  SCV  
  44  4:12  Marine  
  46  4:20  SCV, Engineering Bay  
  46  4:21  Medivac x2  
  46  4:22  Marine  
  46  4:24  Marine  
  45  4:35  Marine  
  45  4:40  Marine  
  45  4:47  Barracks  
  44  4:56  Marine x2  
  44  4:57  Medivac x2  
  50  5:01  Marine  
  50  5:02  SCV x2  
  53  5:08  Supply Depot  
  53  5:14  SCV, Missile Turret, Marine x2  
  53  5:19  Missile Turret  
  49  5:30  Marine  
  49  5:32  Marine x2  
  49  5:41  SCV x2  
  49  5:42  Marine  
  50  5:50  Marine  
  47  6:06  Stimpack  
  47  6:07  Marine x2  
  47  6:09  SCV  
  50  6:13  Marine  
  50  6:14  SCV  
  51  6:21  Terran Infantry Weapons Level 1  
  51  6:23  Marine  
  51  6:24  Marine  
  52  6:31  Marine x2  
  54  6:33  SCV  
  52  6:40  Marine  
  52  6:42  Medivac, Marine  
  52  6:43  SCV  
  56  6:49  Marine  
  56  6:50  SCV  
  58  6:54  Refinery  
  58  6:55  SCV  
  58  6:57  Marine  
  58  6:58  Marine  
  58  7:00  Marine  
  62  7:03  SCV  
  62  7:07  SCV, Marine  
  48  7:16  SCV  
  48  7:19  SCV  
  50  7:28  SCV  
  51  7:32  SCV, Barracks Tech Lab  
  52  7:40  SCV  
  52  7:44  SCV  
  51  7:52  SCV, Combat Shields  
  51  7:56  Command Center  
  51  7:58  SCV  
  49  8:02  Marine  
  49  8:03  Marine  
  47  8:06  Marine  
  45  8:13  Marine  
  45  8:15  Medivac  
  48  8:20  SCV x2, Marine  
  48  8:25  Marine x2  
  53  8:31  Marine  
  54  8:36  SCV x2  
  54  8:38  Marine  
  57  8:42  Medivac  
  57  8:43  Marauder  
  57  8:47  Concussive Shells  
  61  8:49  Marauder  
  61  8:51  SCV  
  64  9:00  Marine x2  
  66  9:05  Marauder  
  66  9:06  Barracks  
  68  9:10  Marine  
  68  9:12  Barracks  
  68  9:16  SCV  
  68  9:17  SCV, Marine  
  72  9:21  Orbital Command  
  72  9:28  SCV  
  72  9:29  SCV  
  74  9:33  Marine x3  
  77  9:40  SCV  
  77  9:41  SCV  
  77  9:45  Supply Depot, Medivac  
  79  9:46  Supply Depot, Medivac  
  79  9:48  SCV  
  84  9:53  SCV  
  84  9:56  Marauder x2  
  84  9:58  Barracks Tech Lab  
  84  9:59  Barracks Tech Lab  
  67  10:08  Marine x2  
  68  10:17  Marine x2  
  68  10:18  Marauder  
  68  10:19  Marauder  
  74  10:23  SCV x2  
  74  10:26  Marine x2  
Show
View Real Time Build Order
Export as new Build Order

TTOne Terran 

Build Orders:  

Get SALT Encoding   

  12  0:01  Probe (Chrono Boost)  
  13  0:11  Probe (Chrono Boost)  
  14  0:17  Pylon  
  14  0:22  Probe (Chrono Boost)  
  16  0:35  Probe (Chrono Boost)  
  16  0:38  Gateway  
  16  0:46  Probe (Chrono Boost)  
  16  0:49  Assimilator  
  17  0:56  Probe (Chrono Boost)  
  18  1:07  Probe (Chrono Boost)  
  19  1:20  Nexus  
  19  1:32  Cybernetics Core  
  19  1:33  Probe (Chrono Boost)  
  20  1:44  Probe (Chrono Boost), Assimilator  
  21  1:53  Pylon  
  21  1:55  Probe (Chrono Boost)  
  22  2:05  Probe (Chrono Boost)  
  23  2:08  Warp Gate  
  23  2:11  Adept  
  25  2:16  Probe (Chrono Boost)  
  26  2:26  Probe (Chrono Boost)  
  27  2:31  Stargate  
  27  2:34  Probe (Chrono Boost)  
  29  2:37  Probe (Chrono Boost)  
  29  2:44  Probe (Chrono Boost), Adept  
  31  2:47  Probe (Chrono Boost)  
  33  2:55  Probe (Chrono Boost)  
  33  2:58  Probe (Chrono Boost)  
  36  3:05  Probe (Chrono Boost)  
  36  3:08  Probe (Chrono Boost)  
  36  3:11  Adept  
  39  3:12  Pylon  
  39  3:15  Probe (Chrono Boost)  
  39  3:16  Oracle (Chrono Boost)  
  39  3:19  Probe  
  44  3:25  Probe  
  45  3:31  Probe  
  46  3:35  Probe  
  46  3:38  Adept  
  46  3:39  Forge  
  49  3:43  Probe  
  49  3:46  Probe  
  54  3:57  Pylon  
  54  3:58  Probe  
  54  4:00  Probe  
  54  4:01  Pylon  
  53  4:11  Probe  
  53  4:12  Nexus  
  53  4:15  Pylon, Oracle (Chrono Boost)  
  56  4:17  Probe  
  56  4:23  Probe  
  57  4:28  Probe  
  58  4:33  Twilight Council  
  58  4:36  Probe  
  59  4:42  Probe  
  60  4:48  Probe  
  60  4:49  Gateway  
  60  4:50  Gateway, Oracle (Chrono Boost)  
  60  4:52  Probe, Pylon  
  65  5:00  Probe  
  65  5:02  Assimilator x2  
  65  5:03  Probe  
  67  5:12  Probe  
  67  5:13  Probe, Pylon  
  68  5:19  Blink (Chrono Boost)  
  69  5:24  Probe x2  
  69  5:25  Pylon  
  69  5:26  Probe  
  72  5:31  Pylon  
  72  5:33  Gateway  
  72  5:34  Probe  
  72  5:36  Probe  
  72  5:37  Probe, Protoss Ground Weapons Level 1  
  72  5:38  Robotics Facility  
  72  5:40  Gateway  
  75  5:48  Mothership Core  
  71  5:51  Stalker  
  71  5:54  Stalker  
  71  5:55  Probe  
  75  6:01  Probe  
  75  6:05  Probe  
  75  6:08  Adept  
  75  6:10  Probe  
  79  6:11  Probe  
  79  6:16  Probe  
  81  6:22  Probe x2  
  83  6:27  Stalker x2  
  83  6:29  Probe  
  86  6:32  Probe  
  86  6:34  Probe  
  86  6:39  Probe  
  84  6:44  Pylon  
  84  6:45  Pylon  
  85  6:54  Photon Cannon  
  83  7:01  Adept  
  83  7:02  Adept x2  
  85  7:13  Stalker x2  
  85  7:14  Probe x2  
  85  7:15  Probe  
  78  7:24  Probe x2  
  78  7:27  Probe  
  81  7:34  Immortal  
  81  7:35  Probe x2  
  87  7:39  Probe  
  87  7:44  Adept x4  
  87  7:45  Probe  
  96  7:54  Protoss Ground Weapons Level 2 (Chrono Boost)  
  96  7:59  Adept  
  98  8:10  Stalker  
  98  8:11  Stalker  
  98  8:12  Probe x2  
  102  8:13  Probe  
  104  8:31  Immortal (Chrono Boost), Pylon  
  108  8:35  Photon Cannon  
  108  8:39  Photon Cannon  
  108  8:40  Assimilator  
  108  8:45  Pylon  
  108  8:48  Sentry x2  
  112  8:53  Pylon  
  112  8:56  Pylon  
  112  8:57  Resonating Glaives (Chrono Boost)  
  112  8:58  Pylon  
  112  9:02  Assimilator  
  112  9:03  Immortal  
  112  9:05  Pylon  
  116  9:13  Pylon  
  116  9:21  Stalker x4  
  124  9:26  Pylon  
  124  9:27  Pylon  
  124  9:30  Probe  
  124  9:31  Probe x2  
  127  9:33  Pylon  
  127  9:40  Pylon  
  127  9:42  Probe  
  127  9:44  Pylon  
  128  9:46  Pylon  
  128  9:52  Stalker x3  
  132  9:53  Stalker  
  132  9:57  Probe  
  128  10:05  Nexus  
  126  10:13  Gateway  
  126  10:14  Gateway x2  
  126  10:15  Sentry x4  
  126  10:16  Sentry  
  126  10:19  Gateway  
  136  10:25  Pylon  
  138  10:39  Robotics Bay  
  138  10:45  Stalker x2  
  138  10:46  Stalker  
Show
View Real Time Build Order
Export as new Build Order

Trion Protoss 

Build Orders:  

Get SALT Encoding   

Show
View Real Time Build Order
Export as new Build Order

KiWiKaKi Protoss 

Build Orders:  

Get SALT Encoding   

Tags
 
Add a new tag
Caveats
  • Supply blocks, unpowered buildings, or Contaminate may cause inaccurate times.
  • Supply counts are checked every 10 seconds.